 Dungeon Crawl Stone Soup version 0.20.1-1-g8b1a95d (webtiles) character file.

49 JGreham the Skirmisher (level 3, -4/30 HPs)
             Began as a Demonspawn Chaos Knight on July 9, 2017.
             Killed from afar by Sigmund (6 damage)
             ... with a magic dart
             ... on level 2 of the Dungeon.
             The game lasted 00:04:35 (1203 turns).

JGreham the Skirmisher (Demonspawn Chaos Knight)    Turns: 1203, Time: 00:04:35

Health: -4/30      AC:  6    Str: 13    XL:     3   Next: 51%
Magic:  3/3        EV: 11    Int: 13    God:    Xom [...*..]
Gold:   57         SH:  0    Dex: 12    Spells: 2/2 levels left

rFire    . . .     SeeInvis .   a - +0 falchion (chaos)
rCold    . . .     Gourm    .   (no shield)
rNeg     . . .     Faith    .   b - +3 leather armour
rPois    .         Spirit   .   (helmet restricted)
rElec    .         Reflect  .   (no cloak)
rCorr    .         Harm     .   (no gloves)
MR       .....                  (no boots)
Stlth    +.........             (no amulet)
Regen    0.1/turn               (no ring)
MPRegen  0.1/turn               (no ring)

@: confused, lethally poisoned (-4 -> -6)
A: horns 1, talons 1
a: Renounce Religion


You were on level 2 of the Dungeon.
You worshipped Xom.
You were a favourite toy of Xom.
You were very full.

You visited 1 branch of the dungeon, and saw 2 of its levels.

You collected 57 gold pieces.

Inventory:

Hand Weapons
 a - a +0 falchion of chaos (weapon)
Armour
 b - a +3 leather armour (worn)
Potions
 f - a potion of brilliance {unknown}
 g - a potion of might {unknown}


   Skills:
 + Level 3.7 Fighting
 + Level 3.4 Long Blades
 + Level 2.0 Armour
 + Level 0.8 Dodging


You had 2 spell levels left.
You didn't know any spells.

Dungeon Overview and Level Annotations

Branches:
Dungeon (2/15)

Altars:

Annotations:
D:2 Sigmund


Innate Abilities, Weirdness & Mutations

You have a pair of small horns on your head.
You have sharp toenails.


Message History

You feel sick.
Your butterfly disappears in a puff of smoke!
The bat barely misses you. The bat closely misses you.
Your frilled lizard zombie barely misses the bat.
* * * LOW HITPOINT WARNING * * *
You feel sick. The bat misses you.
You riposte.
You hit the bat. You burn the bat.
You kill the bat!
You are confused.
Are you sure you want to stumble around while confused and next to your butterfly? [Y]es or [N]o only, please.
Are you sure you want to stumble around while confused and next to your butterfly? [Y]es or [N]o only, please.
Are you sure you want to stumble around while confused and next to your butterfly?
You closely miss your butterfly. Your kick misses the butterfly.
Your headbutt misses the butterfly.
A magic dart appears from out of thin air!
The magic dart hits you!
You die...

########
##......##
##........##
#..........#
#.....b...†#
#######
#......@...#
.$....#
#......Z...#
......#
#..........#######
......#
##................
......#
#..............##.
......#
#......†...###.##
......#
#................#
.......
#...........#.##(.
........
#..........#..# #


You could see a friendly frilled lizard zombie.

Vanquished Creatures
  Jessica (D:2)
  A dart slug (D:1)
  3 bats
  2 goblins (D:1)
  3 hobgoblins
  3 frilled lizards
  9 rats
22 creatures vanquished.

Vanquished Creatures (collateral kills)
  A bat (D:2)
1 creature vanquished.

Grand Total: 23 creatures vanquished

Notes
Turn   | Place    | Note
-------+----------+-------------------------------------------
     0 | D:1      | JGreham the Demonspawn Chaos Knight began the quest for the Orb.
     0 | D:1      | Reached XP level 1. HP: 18/18 MP: 1/1
   441 | D:1      | Gained mutation: You have a pair of small horns on your head. [demonic ancestry]
   441 | D:1      | Reached XP level 2. HP: 24/24 MP: 2/2
   481 | D:1      | XOM: divination: detect creatures
  1093 | D:2      | Noticed Jessica
  1108 | D:2      | Killed Jessica
  1108 | D:2      | Gained mutation: You have sharp toenails. [demonic ancestry]
  1108 | D:2      | Reached XP level 3. HP: 25/30 MP: 3/3
  1121 | D:2      | XOM: mild Chrm miscast
  1154 | D:2      | XOM: 8-stop teleportation journey
  1155 | D:2      | Noticed Sigmund
  1178 | D:2      | XOM: summons friendly shadow imp
  1182 | D:2      | XOM: butterfly on damage
  1203 | D:2      | Killed from afar by Sigmund

Skill      XL: |  1  2 |
---------------+-------+-----
Long Blades    | 3 |  3.4
Armour         | 2 |  2.0
Fighting       | |  3.7
Dodging        | |  0.8

Action                   || total
-------------------------++-------
Melee: Falchion          ||    59
       Headbutt          ||     7
       Kick              ||     4
  Use: Scroll            ||     4
       Potion            ||     1
  Eat: Bread ration      ||     2
Armor: Leather armour    ||    28
Dodge: Dodged            ||    45
       Rpst.: Falchion   ||     8
